 Dungeon Crawl Stone Soup version 0.24.0-123-gd5b16e6ec5 (webtiles) character file.

Game seed: 14996797176205481916, levelgen mode: deterministic

30832 brucemayne the Executioner (level 13, 0/169 HPs)
             Began as a Hill Orc Monk on Jan 26, 2020.
             Was a High Priest of Trog.
             Killed by divine providence
             ... invoked by an orc priest
              (14 damage)
             ... on level 2 of the Orcish Mines.
             The game lasted 00:35:50 (6812 turns).

brucemayne the Executioner (Hill Orc Monk)          Turns: 6812, Time: 00:35:51

Health: 0/169      AC: 26    Str: 19    XL:     13   Next: 54%
Magic:  0/16       EV:  2    Int: 10    God:    Trog [*****.]
Gold:   1067       SH:  0    Dex: 13    Spells: 12/12 levels left

rFire    . . .     SeeInvis .   D - +1 war axe (chop)
rCold    + . .     Gourm    .   (no shield)
rNeg     + + +     Faith    .   (armour currently unavailable)
rPois    +         Spirit   .   (helmet currently unavailable)
rElec    .         Reflect  .   (cloak currently unavailable)
rCorr    .         Harm     .   (gloves currently unavailable)
MR       ++...     NoTele   +   (boots currently unavailable)
Stlth    ++........             Y - amulet of regeneration
HPRegen  1.78/turn              G - ring of protection from cold
MPRegen  0.15/turn              (no ring)

@: tree-form, regenerating
A: no striking features
a: Berserk, Trog's Hand, Brothers in Arms, Renounce Religion, Convert to Beogh


You were on level 2 of the Orcish Mines.
You worshipped Trog.
Trog was extremely pleased with you.
You were not hungry.
You were a tree.
You visited 2 branches of the dungeon, and saw 15 of its levels.
You also visited: Bailey.

You collected 1067 gold pieces.

Inventory:

Hand Weapons
 d - a +0 broad axe
 p - a +0 battleaxe
 D - a +1 war axe of chopping (weapon)
 F - the +6 quarterstaff "Zetto" {antimagic, MR+, unknown}
   (You found it on level 6 of the Dungeon)

   It reduces the magical energy of the wielder, and disrupts the spells and
   magical abilities of those hit.
   Natural abilities and divine invocations are not affected.
   It affects your resistance to hostile enchantments.
 K - the +8 trident of Iconoclasm {pierce, +Inv MR+ Stlth+}
   (You took it off an orc on level 11 of the Dungeon)

   It inflicts extra damage upon your enemies.
   It affects your resistance to hostile enchantments.
   It lets you turn invisible.
   It makes you more stealthy.
 X - a +0 scimitar of flaming
Missiles
 b - 7 curare-tipped darts (quivered)
 j - 19 poisoned darts
 x - 11 silver javelins
 y - 4 javelins
Armour
 g - a +2 plate armour of magic resistance (melded)
 t - a scarf of resistance
 I - a +0 pair of boots (melded)
 M - a +0 pair of gloves (melded)
 Q - a +2 helmet (melded)
 V - a +2 plate armour of cold resistance
 Z - a scarf of spirit shield (melded)
Jewellery
 r - an uncursed ring of ice
 u - an uncursed amulet of the gourmand
 G - a ring of protection from cold (left branch)
 Y - an amulet of regeneration (around neck)
Wands
 i - a wand of flame (13)
 H - a wand of random effects (11)
 P - a wand of scattershot (8)
Scrolls
 f - 3 scrolls of teleportation
 h - 8 scrolls of remove curse
 n - a scroll of noise {unknown}
 s - a scroll of random uselessness {unknown}
 v - 2 scrolls of magic mapping
 w - 2 scrolls of enchant weapon
 R - 2 scrolls of blinking
 T - 2 scrolls of identify
 W - 2 scrolls of immolation
Potions
 e - a potion of might {unknown}
 m - 4 potions of lignification
 o - a potion of invisibility {unknown}
 q - 2 potions of flight
 z - a potion of mutation {unknown}
 A - a potion of heal wounds
 C - 3 potions of resistance
 E - a potion of magic {unknown}
 J - 2 potions of haste {unknown}
 L - 2 potions of cancellation {unknown}
 N - a potion of degeneration {unknown}
 O - a potion of curing {unknown}
 S - 4 potions of agility {unknown}
 U - 3 potions of brilliance {unknown}
Comestibles
 c - 6 rations


   Skills:
 - Level 10.0 Fighting
 - Level 22.2 Axes
 - Level 5.1 Armour
 + Level 6.6 Dodging
 - Level 1.5 Stealth
 - Level 4.0 Evocations


You had 12 spell levels left.
You didn't know any spells.
Your spell library contained the following spells:

 Spells                   Type           Power        Failure   Level  Hunger
 Shock                    Conj/Air       #...         36%         1    ##.....
 Swiftness                Chrm/Air       #.......     50%         2    ###....
 Recall                   Summ/Tloc      N/A          75%         3    ####...
 Static Discharge         Conj/Air       #.......     75%         3    ####...
 Airstrike                Air            #.........   98%         4    #####..
 Aura of Abjuration       Summ           #.........   100%        5    ######.
 Lightning Bolt           Conj/Air       #.........   100%        5    ######.
 Summon Demon             Summ           #.........   100%        5    ######.
 Summon Forest            Summ/Tloc      #.........   100%        5    ######.
 Summon Mana Viper        Hex/Summ       #.......     100%        5    ######.
 Shadow Creatures         Summ           N/A          100%        6    #######


Dungeon Overview and Level Annotations

Branches:
Dungeon (13/15)              Lair (0/6) D:9             Orc (2/2) D:12
    Elf (0/3) Orc:2        Vaults (0/5) D:13         Bailey (visited)
 Temple: D:4-7

Altars:
Ashenzari
Gozag
Hepliaklqana
Makhleb
Okawaru
Trog
Vehumet
Xom
Zin
Jiyva

Shops:
D:6 =   Orc:2 %!

Annotations:
D:3 1 runed translucent door, Britaniac's ghost, amateur MfIE
D:10 2 transporters
Orc:2 Jorgrun


Message History

Your +2 plate armour of magic resistance melds into your body.
You feel strangely alone.
You feel less resistant to hostile enchantments.
Your roots penetrate the ground.
You feel strangely stable.
The orc warrior hits you with a +0 mace.
* * * LOW HITPOINT WARNING * * *
The orc hits you but does no damage.
A ynoxinul comes into view.
Okay, then.
Okay, then.
Okay, then.
It was a potion of heal wounds.
You feel much better. The orc hits you with a +0 whip.
* * * LOW HITPOINT WARNING * * *
The orc warrior hits you with a +0 mace!
* * * LOW HITPOINT WARNING * * *
The ynoxinul gestures.
The orc priest invokes the aid of Beogh against you.
Beogh smites you!
You die...

............#†.(.............#...
..............(#.........#.......
............#.#(.................
..........######.##.#......#.....
...........# ###..............#
............# ##.#............
........#..## #####..........
...........# ### .#...........
...... #♣# ............. #.....
#ooo###............ ......
#ooooo###.......#... .....$
#..#o#oo####......... ......
#....ooooo# ##........ ......
#...#o#o#3o.# #........ ......
#..o. . . o...###....... ......
..#.#35 ..#.#.. ##...... .....#
##.....


You could see an orc knight, 2 ynoxinuls, 6 orc warriors, 3 orc priests, 11 orcs
and an ufetubus.

Vanquished Creatures
  Frances (D:12)
  2 orc warlords
  2 stone giants
  An ettin (Orc:2)
  Harold (D:9)
  Erica (D:10)
  A catoblepas (D:13)
  4 two-headed ogres
  An orc high priest (Orc:2)
  Sonja (D:10)
  Nergalle (D:10)
  2 orc knights (Bailey)
  4 ugly things (D:11)
  2 cyclopes
  An orc sorcerer (Orc:2)
  Joseph (D:7)
  A gargoyle (D:12)
  A komodo dragon (D:9)
  A centaur skeleton (D:12)
  A kobold demonologist (D:12)
  4 trolls
  A hornet (D:12)
  5 slime creatures (D:10)
  6 hippogriffs
  A shadow (D:11)
  10 yaks
  2 wyverns
  A basilisk (D:12)
  A vampire mosquito (D:13)
  3 hungry ghosts
  5 wargs
  3 water moccasins
  3 black bears
  3 ice beasts
  22 orc warriors
  5 ogres
  3 sky beasts
  2 necrophages (D:10)
  2 centaurs
  2 crocodiles
  3 big kobolds (D:12)
  8 bullfrogs
  4 scorpions
  A howler monkey (D:9)
  A wight (D:10)
  4 crimson imps
  A centaur zombie (D:11)
  A bullfrog zombie (D:6)
  A quasit (D:9)
  15 orc priests
  3 hounds
  4 jellies
  Jessica (D:2)
  An iguana (D:8)
  15 orc wizards
  7 worker ants
  Robin (D:2)
  5 adders
  12 gnolls
  4 shadow imps
  2 oozes
  An adder zombie (D:9)
  2 worms
  A dart slug (D:1)
  6 leopard geckos
  79 orcs
  2 giant cockroaches
  34 goblins
  23 hobgoblins
  12 jackals
  5 kobolds
  5 quokkas
  2 ball pythons
  4 bats
  3 frilled lizards
  5 rats
  A plant (D:9)
393 creatures vanquished.

Vanquished Creatures (collateral kills)
  A warg (Orc:2)
  2 orc warriors
  An orc wizard (Orc:2)
  3 orcs (Orc:2)
7 creatures vanquished.

Grand Total: 400 creatures vanquished

Notes
Turn   | Place    | Note
-------+----------+-------------------------------------------
     0 | D:1      | brucemayne the Hill Orc Monk began the quest for the Orb.
     0 | D:1      | Reached XP level 1. HP: 19/19 MP: 1/1
    72 | D:1      | Reached XP level 2. HP: 22/26 MP: 2/2
   209 | D:1      | Reached skill level 5 in Axes
   359 | D:2      | Noticed Robin
   363 | D:2      | Found a bloodstained altar of Trog.
   370 | D:2      | Became a worshipper of Trog the Wrathful
   370 | D:2      | Reached * piety under Trog
   370 | D:2      | Reached ** piety under Trog
   374 | D:2      | Reached XP level 3. HP: 31/31 MP: 3/3
   383 | D:2      | Killed Robin
   390 | D:2      | Reached skill level 6 in Axes
   528 | D:2      | Reached XP level 4. HP: 39/39 MP: 4/4
   539 | D:2      | Noticed Jessica
   548 | D:2      | Killed Jessica
   598 | D:2      | Reached skill level 7 in Axes
   732 | D:3      | Found a shattered altar of Ashenzari.
   779 | D:3      | Reached XP level 5. HP: 45/45 MP: 5/5
   798 | D:3      | Found a runed translucent door.
   798 | D:3      | Noticed Britaniac's ghost (amateur MfIE)
   901 | D:4      | Reached skill level 8 in Axes
   901 | D:4      | Reached *** piety under Trog
   938 | D:5      | Entered Level 5 of the Dungeon
   938 | D:5      | Found an opulent altar of Gozag.
  1025 | D:6      | Noticed an orc warrior
  1058 | D:5      | Noticed a centaur
  1068 | D:5      | Killed a centaur
  1068 | D:5      | Reached XP level 6. HP: 36/51 MP: 6/6
  1149 | D:5      | Found a radiant altar of Vehumet.
  1197 | D:5      | Noticed a hungry ghost
  1222 | D:5      | Killed a hungry ghost
  1222 | D:5      | Reached skill level 9 in Axes
  1240 | D:5      | Found a shimmering altar of Xom.
  1242 | D:5      | Noticed an angel
  1244 | D:5      | Found a glowing silver altar of Zin.
  1329 | D:5      | Found a burning altar of Makhleb.
  1332 | D:5      | Found a hazy altar of Hepliaklqana.
  1430 | D:5      | Noticed a sky beast
  1460 | D:5      | Killed a sky beast
  1460 | D:5      | Reached skill level 10 in Axes
  1460 | D:5      | Reached XP level 7. HP: 57/57 MP: 7/7
  1613 | D:6      | Found Zavutzualo's Jewellery Emporium.
  1740 | D:6      | Reached skill level 11 in Axes
  1800 | D:6      | Got an ichor-stained quarterstaff
  1843 | D:7      | Noticed a hippogriff
  1864 | D:7      | Killed a hippogriff
  1864 | D:7      | Received a gift from Trog
  1864 | D:7      | Reached XP level 8. HP: 64/64 MP: 8/8
  2000 | D:8      | Found a viscous altar of Jiyva.
  2000 | D:8      | Noticed a two-headed ogre
  2000 | D:8      | Noticed a two-headed ogre
  2000 | D:8      | Noticed a hippogriff
  2013 | D:7      | Killed a hippogriff
  2013 | D:7      | Reached skill level 12 in Axes
  2140 | D:7      | Reached skill level 13 in Axes
  2261 | D:7      | Noticed Joseph
  2273 | D:7      | Killed Joseph
  2332 | D:8      | Reached skill level 14 in Axes
  2339 | D:8      | Reached XP level 9. HP: 46/70 MP: 9/9
  2432 | D:8      | Killed a two-headed ogre
  2432 | D:8      | Reached skill level 15 in Axes
  2551 | D:8      | Killed a two-headed ogre
  2551 | D:8      | Reached skill level 16 in Axes
  2551 | D:8      | Reached XP level 10. HP: 60/77 MP: 10/10
  2615 | D:8      | Found a flagged portal.
  2624 | Bailey   | Entered a bailey
  2713 | Bailey   | Reached **** piety under Trog
  2738 | Bailey   | Reached skill level 17 in Axes
  2865 | Bailey   | Noticed an orc warlord
  2953 | Bailey   | Noticed an orc knight
  2985 | Bailey   | Killed an orc knight
  2985 | Bailey   | Reached skill level 18 in Axes
  3111 | Bailey   | Noticed an orc knight
  3150 | Bailey   | Killed an orc knight
  3235 | Bailey   | Reached skill level 1 in Armour
  3354 | Bailey   | Killed an orc warlord
  3462 | D:8      | Reached skill level 5 in Armour
  3477 | D:8      | Found an iron altar of Okawaru.
  3589 | D:9      | Reached skill level 5 in Fighting
  3648 | D:9      | Noticed Harold
  3661 | D:9      | Killed Harold
  3661 | D:9      | Reached XP level 11. HP: 91/91 MP: 11/11
  3700 | D:9      | Noticed a two-headed ogre
  3719 | D:9      | Killed a two-headed ogre
  3899 | D:9      | Found a staircase to the Lair.
  3982 | D:10     | Entered Level 10 of the Dungeon
  3982 | D:10     | Noticed Nergalle
  4002 | D:10     | Killed Nergalle
  4062 | D:10     | Noticed a glowing orange brain
  4065 | D:10     | Noticed Sonja
  4152 | D:9      | Reached skill level 10 in Fighting
  4256 | D:9      | Reached skill level 1 in Evocations
  4289 | D:10     | Noticed Erica
  4306 | D:10     | Killed Erica
  4695 | D:10     | Reached ***** piety under Trog
  4771 | D:10     | Found a transporter.
  4778 | D:10     | Found a transporter.
  4798 | D:11     | Noticed a purple ugly thing
  4804 | D:11     | Killed a purple ugly thing
  4804 | D:11     | Reached skill level 19 in Axes
  4906 | D:10     | Reached XP level 12. HP: 91/106 MP: 15/15
  4906 | D:10     | Killed Sonja
  5000 | D:11     | Reached skill level 20 in Axes
  5211 | D:13     | Noticed a catoblepas
  5269 | D:13     | Killed a catoblepas
  5301 | D:13     | Noticed a two-headed ogre
  5307 | D:13     | Killed a two-headed ogre
  5528 | D:13     | Found a gate to the Vaults.
  5528 | D:13     | Noticed an eight-headed hydra
  5528 | D:13     | Noticed a vault guard
  5528 | D:13     | Noticed a vault guard
  5528 | D:13     | Noticed a vault guard
  5528 | D:13     | Noticed a vault guard
  5620 | D:12     | Reached skill level 21 in Axes
  5769 | D:12     | Found a staircase to the Orcish Mines.
  5867 | D:12     | Noticed Frances
  5899 | D:12     | Killed Frances
  5899 | D:12     | Reached XP level 13. HP: 38/113 MP: 4/16
  6015 | D:11     | Reached skill level 22 in Axes
  6016 | D:11     | Identified the +8 trident of Iconoclasm {pierce, +Inv MR+
                  | Stlth+}
  6024 | D:11     | Received a gift from Trog
  6127 | Orc:1    | Entered Level 1 of the Orcish Mines
  6127 | Orc:1    | Noticed a stone giant
  6139 | Orc:1    | Killed a stone giant
  6246 | Orc:2    | Entered Level 2 of the Orcish Mines
  6252 | Orc:2    | Noticed an ettin
  6268 | Orc:2    | Killed an ettin
  6316 | Orc:2    | Reached skill level 5 in Dodging
  6464 | Orc:2    | Noticed an orc warlord
  6515 | Orc:2    | Killed an orc warlord
  6702 | Orc:2    | Noticed a stone giant
  6719 | Orc:2    | Killed a stone giant
  6774 | Orc:2    | Found a staircase to the Elven Halls.
  6796 | Orc:2    | Noticed Jorgrun
  6807 | Orc:2    | Found Pemp's Distillery.
  6807 | Orc:2    | Found Biyck's Food Shop.
  6809 | Orc:2    | HP: 3/113 [orc warrior/+0 mace (14)]
  6812 | Orc:2    | Killed from afar by an orc priest

Levels and vault maps discovered:
D:1:      giann_wishing_wells, layout_rooms
D:2:      layout_basic, trog_three_pillars_becter, uniq_jessica, uniq_robin
D:3:      layout_basic, ebering_ghost_sewer_f, first_ration,
          minmay_misc_feat_diagonals, minivault_25, evilmike_ruin_ashenzari
D:4:      lemuel_castle_with_subvaults [lemuel_castle_interior_carwin_2],
          layout_loops_cross, st_stairs_1, uniq_blork_the_orc
D:5:      layout_rooms, grunt_temple_overflow_order_and_chaos_1,
          lemuel_coloured_pillars_altar, nicolae_gozag_seed_capital,
          nicolae_overflow_hidden_temple, serial_glass, glass_columns_b,
          glass_columns_a, glass_columns_a, glass_columns_a, glass_columns_b,
          glass_columns_a, glass_columns_a, glass_columns_a
D:6:      kennysheep_six_static_rooms, layout_rooms,
          minmay_temple_entry_proselytizer, serial_shops, nicolae_shop_crystal
D:7:      layout_basic, grunt_ogre_cave, minivault_27, uniq_joseph
D:8:      layout_rooms, lemuel_mausoleum_altar_kikubaaqudgha,
          lemuel_crystal_altar, enter_bailey_8, hangedman_decor_diamond_cutter,
          nicolae_zen_rock_garden, jiyva_altar_1
D:9:      layout_irregular_city, david_lair_shrubbed, uniq_harold
D:10:     gammafunk_jiyva_shrine, layout_irregular_city, serial_undead,
          serial_undead_b, serial_undead_d, serial_undead_a, serial_undead_d,
          uniq_erica, uniq_sonja, uniq_nergalle
D:11:     layout_cave_pools, ploomutoo_gammafunk_ghost_potion_laboratory,
          palyth_stone_intersect, grunt_decor_arrowhead
D:12:     layout_rooms, hiddenorc2_lemuel, uniq_gastronok, uniq_frances
D:13:     layout_small_grid, lightli_vaults_fourway_checkpoint
Orc:1:    layout_diamond_mine, elves_outpost_lemuel
Orc:2:    pf_orc_diabolical, layout_caves, mines_bat_river, uniq_jorgrun

Skill      XL: |  1  2  3  4  5  6  7  8  9 10 11 12 13 |
---------------+----------------------------------------+-----
Axes           | 5 6 7 8 10 11 14 16 18 19 21 22 | 22.2
Armour         | 5 |  5.1
Fighting       | 6 10 | 10.0
Evocations     | 4 |  4.0
Dodging        | 6 |  6.6
Stealth        | |  1.5

Action                   |  1- 3 |  4- 6 |  7- 9 | 10-12 | 13-15 || total
-------------------------+-------+-------+-------+-------+-------++-------
Melee: Hand axe          |    87 |   158 |    99 |       |       ||   344
       War axe           |       |       |    58 |   661 |   166 ||   885
Throw: Javelin           |       |     7 |       |       |       ||     7
       Dart              |       |     1 |       |     7 |       ||     8
Invok: Berserk           |     1 |     1 |    10 |    21 |     6 ||    39
       Trog's Hand       |     1 |       |     4 |     6 |     8 ||    19
       Brothers in Arms  |       |       |       |     2 |     1 ||     3
Evoke: Wand              |       |       |       |     2 |       ||     2
  Use: Scroll            |       |     1 |     4 |     6 |     3 ||    14
       Potion            |       |     2 |       |       |     3 ||     5
  Eat: Chunk             |       |     3 |     6 |     8 |     2 ||    19
       Ration            |       |     2 |     3 |     7 |     4 ||    16
Armor: Ring mail         |    41 |    66 |    25 |       |       ||   132
       Plate armour      |       |       |    29 |   319 |    77 ||   425
Dodge: Dodged            |    54 |   112 |    75 |   126 |    59 ||   426
